 Dungeon Crawl Stone Soup version 0.22-a0-422-g9628fc8 (webtiles) character file.

9634 Amnesiac the Transmogrifier (level 11, -14/58 HPs)
             Began as a Spriggan Transmuter on May 18, 2018.
             Was a High Priest of Okawaru.
             Demolished by a swamp worm (22 damage)
             ... on level 10 of the Dungeon.
             The game lasted 00:30:15 (14110 turns).

Amnesiac the Transmogrifier (Spriggan Transmuter)  Turns: 14110, Time: 00:30:16

Health: -14/58     AC:  4    Str:  9    XL:     11   Next: 25%
Magic:  19/24      EV: 23    Int: 15    God:    Okawaru [*****.]
Gold:   304        SH:  0    Dex: 17    Spells: 4/26 levels left

rFire    . . .     SeeInvis +     - Unarmed
rCold    + . .     Gourm    .   (shield currently unavailable)
rNeg     . . .     Faith    .   B - +2 robe of Patience {*Slow rPois rC+ Slay+6}
rPois    +         Spirit   .   (helmet restricted)
rElec    .         Reflect  .   (no cloak)
rCorr    .         Harm     .   (gloves unavailable)
MR       +....                  (boots unavailable)
Stlth    ++........             (no amulet)
HPRegen  0.19/turn              e - +3 ring of slaying
MPRegen  0.19/turn              C - ring of wizardry

@: blade hands, very quick
A: very small, unfitting armour, see invisible, herbivore, speed 3, slow
metabolism 2
a: End Transformation, Heroism, Finesse, Renounce Religion


You were on level 10 of the Dungeon.
You worshipped Okawaru.
Okawaru was extremely pleased with you.
You were not hungry.
You had blades for hands.
You visited 2 branches of the dungeon, and saw 11 of its levels.

You collected 538 gold pieces.
You spent 234 gold pieces at shops.

Inventory:

Missiles
 a - 272 arrows
Armour
 s - a +1 robe of cold resistance
 x - a +0 troll leather armour
 B - the +2 robe of Patience (worn) {*Slow rPois rC+ Slay+6}
   (You found it on level 7 of the Dungeon)

   It affects your accuracy and damage with ranged weapons and melee attacks
   (+6).
   It protects you from cold.
   It protects you from poison.
   It may slow you when you take damage.
 G - a +2 buckler of protection
Jewellery
 e - a +3 ring of slaying (left scythe-like blade)
 g - an uncursed ring of fire
 p - an uncursed ring of teleportation
 A - an uncursed ring of magical power
 C - a ring of wizardry (right scythe-like blade)
Wands
 c - a wand of random effects (29)
 l - a wand of paralysis (26)
 o - a wand of digging (21)
 q - a wand of flame (28)
 H - a wand of acid (11)
Scrolls
 f - a scroll of enchant armour {!r}
 i - a scroll of amnesia {!r}
 v - a scroll of blinking {!r}
 y - 3 scrolls of teleportation {!r}
 z - a scroll of magic mapping {!r}
 D - a scroll of identify {!r}
 E - a scroll of fear {!r}
Potions
 b - 4 potions of might {!q}
 d - a potion of mutation {!q}
 h - a potion of haste {!q, unknown}
 j - 2 potions of lignification {!q}
 k - a potion of brilliance {!q, unknown}
 m - a potion of magic {!q}
 n - 2 potions of agility {!q, unknown}
 r - 3 potions of curing {!q}
 t - a potion of flight {!q}
 u - a potion of ambrosia {!q}
 w - a potion of cancellation {!q, unknown}
Comestibles
 F - 3 rations


   Skills:
 * Level 7.6 Fighting
 + Level 8.0 Dodging
 * Level 7.5 Unarmed Combat
 - Level 8.0 Spellcasting
 - Level 8.0 Transmutations
 - Level 8.0 Invocations


You had 4 spell levels left.
You knew the following spells:

 Your Spells              Type           Power        Failure   Level  Hunger
a - Blade Hands           Tmut           ####......   22%         5    #####..
b - Sticks to Snakes      Tmut           ####....     5%          2    None
c - Beastly Appendage     Tmut           ####..       4%          1    None
d - Ozocubu's Armour      Chrm/Ice       #.......     43%         3    ##.....
e - Mephitic Cloud        Conj/Pois/Air  #.......     43%         3    ##.....
r - Regeneration          Chrm/Necr      #.........   43%         3    ##.....
s - Conjure Flame         Conj/Fire      #.......     43%         3    ##.....
v - Blink                 Tloc           N/A          30%         2    None

Your spell library contained the following spells:

 Spells                   Type           Power        Failure   Level  Hunger
 Magic Dart               Conj           #...         22%         1    None
 Slow                     Hex            #.......     30%         2    None
 Confuse                  Hex            #.......     43%         3    ##.....
 Throw Frost              Conj/Ice       #.....       30%         2    None
 Freeze                   Ice            #...         22%         1    None
 Summon Ice Beast         Ice/Summ       #.......     73%         4    ####...
 Call Imp                 Summ           #.......     30%         2    None
 Tukima's Dance           Hex            #.......     43%         3    ##.....
 Spider Form              Tmut/Pois      ###.......   16%         3    ##.....
 Ice Form                 Ice/Tmut       ###.....     32%         4    ####...
 Throw Icicle             Conj/Ice       #.......     73%         4    ####...
 Ensorcelled Hibernation  Hex/Ice        #.....       30%         2    None
 Corona                   Hex            #......      22%         1    None
 Shroud of Golubria       Chrm/Tloc      #.........   30%         2    None
 Dazzling Spray           Conj/Hex       #.....       43%         3    ##.....
 Infusion                 Chrm           #...         22%         1    None
 Song of Slaying          Chrm           #.......     30%         2    None
 Spectral Weapon          Hex/Chrm       #.......     43%         3    ##.....


Dungeon Overview and Level Annotations

Branches:
Dungeon (10/15)            Temple (1/1) D:4            Lair (0/6) D:10
    Orc: D:9-12

Altars:
Ashenzari
Cheibriados
Dithmenos
Elyvilon
Fedhas
Gozag
Hepliaklqana
Kikubaaqudgha
Makhleb
Nemelex Xobeh
Okawaru
Qazlal
Ru
Sif Muna
Trog
Uskayaw
Vehumet
Wu Jian
Xom
Yredelemnul
Zin
The Shining One

Shops:
D:5 !


Innate Abilities, Weirdness & Mutations

You are very small and have problems with some larger weapons.
You are too small for most types of armour.
You have supernaturally acute eyesight. (SInv)
You are a herbivore.
You cover ground extremely quickly.
You need to consume almost no food.


Message History

You see here a swamp worm corpse.
Your hands revert to their normal proportions.
Unknown command.
Casting: Blade Hands (safe; 4% risk of failure)
Confirm with . or Enter, or press ? or * to list all spells.
Your hands turn into razor-sharp scythe blades.
You slice the orc warrior!!
The orc warrior is almost dead.
The orc warrior barely misses you.
You slice the orc warrior!!
You kill the orc warrior!
Okawaru accepts your kill.
No target in view!
y - 3 scrolls of teleportation {!r} (gained 1)
Things that are here:
a battleaxe; a chain mail; an orc corpse You see here a swamp worm corpse.
What are your orders? t - Shout!
Orders for allies: a - Attack new target. r - Retreat! s - Stop attacking. g - Guard the area. f - Follow me.
Anything else - Cancel.
You shout for attention!
You enter the shallow water.
Moving in this stuff is going to be slow.
Your transformation is almost over.
The orc shouts! x2; You hear a bark!
The orc is too close now for your liking.
There are monsters nearby!
There are monsters nearby!
The swamp worm throws harpoon shot at you.
The harpoon shot hits you!
You are yanked forward by the harpoon shot.
You violently stop moving!
Splash!
You hear a shout!
You hear a bark!
Your hands revert to their normal proportions.
The swamp worm throws harpoon shot at you.
The harpoon shot hits you!
You are yanked forward by the harpoon shot.
Splash!
The swamp worm closely misses you.
Unknown command.
The swamp worm throws harpoon shot at you.
The harpoon shot misses you.
You see here a swamp worm corpse.
Casting: Blade Hands (safe; 4% risk of failure)
Confirm with . or Enter, or press ? or * to list all spells.
Your hands turn into razor-sharp scythe blades.
Unknown command.
The swamp worm throws harpoon shot at you.
The harpoon shot misses you.
The swamp worm throws harpoon shot at you.
The harpoon shot hits you!
* * * LOW HITPOINT WARNING * * *
You are yanked forward by the harpoon shot.
The swamp worm bites you!!
* * * LOW HITPOINT WARNING * * *
Unknown command.
You slice the swamp worm!!
The swamp worm is almost dead.
The orc wizard mumbles some strange words.
The orc wizard seems to speed up.
The swamp worm bites you!!
You die...

##### ##.).# #.)#.#
#)##.# #)##)# #[##.#
#.##@########
#.##.w≈o≈≈≈≈###
#(.≈≈≈≈≈≈≈≈o≈≈#
#.≈≈≈#######≈≈≈######
#.≈≈## ≈≈≈......
#.≈≈# ≈≈≈......
#(≈≈## #w≈≈.....T
#.≈≈≈# #≈oo.....o
#.#≈≈≈≈≈≈≈≈≈≈o......$


You could see a swamp worm, an orc wizard and an orc.

Vanquished Creatures
  A two-headed ogre (D:8)
  Erica (D:10)
  Urug (D:10)
  Joseph (D:8)
  A troll (D:10)
  A hornet (D:9)
  A hippogriff (D:9)
  A slime creature (D:7)
  A wyvern (D:8)
  The ghost of Anon1729 the Magician, an amateur GnWz (D:4)
  Grum (D:7)
  2 steam dragons (D:6)
  4 swamp worms (D:10)
  A soldier ant (D:9)
  Duvessa (D:4)
  A water moccasin (D:5)
  An acid dragon (D:7)
  2 ice beasts
  5 orc warriors
  2 sky beasts
  An eye of draining (D:9)
  A necrophage (D:9)
  A phantom (D:9)
  The ghost of SaraSensei the Grasshopper, an amateur GnWr (D:3)
  4 ogres
  2 wolves (D:8)
  5 centaurs
  5 bullfrogs
  Blork the orc (D:5)
  Dowan (D:4)
  2 scorpions
  10 killer bees
  5 wights (D:7)
  5 howler monkeys
  A centaur zombie (D:7)
  2 crimson imps
  A quasit (D:10)
  6 hounds
  A jelly (D:10)
  3 orc priests
  A bullfrog skeleton (D:10)
  A centaur skeleton (D:5)
  8 orc wizards
  Jessica (D:3)
  Natasha (thrice) (D:2)
  11 worker ants
  Ijyb (D:3)
  2 iguanas
  2 hound zombies
  A hound skeleton (D:6)
  A worker ant zombie (D:9)
  4 gnolls (D:3)
  19 adders
  6 shadow imps
  2 oozes
  2 adder skeletons
  7 worms
  A dart slug (D:3)
  4 leopard geckos
  45 orcs
  2 ball pythons
  8 bats
  4 giant cockroaches
  14 goblins
  13 hobgoblins
  13 jackals
  7 quokkas
  10 frilled lizards
  2 jackal skeletons
  A jackal zombie (D:5)
  8 kobolds
  A leopard gecko skeleton (D:5)
  8 rats
301 creatures vanquished.

Vanquished Creatures (collateral kills)
  Sigmund (D:2)
  An orc wizard (D:1)
  Robin (D:1)
  A leopard gecko (D:2)
  A hobgoblin (D:1)
  A ball python (D:2)
  A rat (D:2)
7 creatures vanquished.

Vanquished Creatures (others)
  An orc (D:10)
  3 fungi (D:5)
  4 plants (D:10)
8 creatures vanquished.

Grand Total: 316 creatures vanquished

Notes
Turn   | Place    | Note
-------+----------+-------------------------------------------
     0 | D:1      | Amnesiac the Spriggan Transmuter began the quest for the Orb.
     0 | D:1      | Reached XP level 1. HP: 9/9 MP: 5/5
   511 | D:1      | Reached XP level 2. HP: 14/14 MP: 5/7
   515 | D:1      | Learned a level 2 spell: Sticks to Snakes
  1161 | D:2      | Noticed Robin
  1358 | D:2      | Noticed Natasha
  1393 | D:1      | Killed Robin
  1393 | D:1      | Reached XP level 3. HP: 8/17 MP: 2/8
  1772 | D:1      | Reached skill level 1 in Fighting
  2392 | D:2      | Reached skill level 5 in Transmutations
  2392 | D:2      | Reached XP level 4. HP: 22/22 MP: 1/10
  2518 | D:2      | Noticed Sigmund
  2787 | D:2      | Killed Sigmund
  2787 | D:2      | Reached XP level 5. HP: 11/25 MP: 0/12
  2794 | D:2      | Learned a level 5 spell: Blade Hands
  3452 | D:2      | Killed Natasha
  3452 | D:2      | Reached XP level 6. HP: 30/30 MP: 7/13
  3802 | D:3      | Noticed SaraSensei's ghost (amateur GnWr)
  4108 | D:3      | Killed SaraSensei's ghost
  4108 | D:3      | Reached skill level 5 in Spellcasting
  4162 | D:3      | Noticed Jessica
  4164 | D:3      | Killed Jessica
  4529 | D:2      | Noticed Natasha
  4830 | D:2      | Killed Natasha
  4970 | D:2      | Noticed Natasha
  4978 | D:2      | Killed Natasha
  5049 | D:3      | Noticed Ijyb
  5053 | D:3      | Paralysed by Ijyb for 4 turns
  5059 | D:3      | Killed Ijyb
  5059 | D:3      | Reached XP level 7. HP: 27/33 MP: 7/16
  5067 | D:3      | Learned a level 2 spell: Blink
  5071 | D:3      | Learned a level 3 spell: Conjure Flame
  5075 | D:3      | Learned a level 3 spell: Mephitic Cloud
  5644 | D:4      | Found a basalt altar of Yredelemnul.
  5670 | D:4      | Found a staircase to the Ecumenical Temple.
  5711 | D:4      | Noticed Duvessa
  5711 | D:4      | Noticed Dowan
  5752 | Temple   | Entered the Ecumenical Temple
  5769 | Temple   | Became a worshipper of Warmaster Okawaru
  6038 | D:4      | Found a glowing golden altar of the Shining One.
  6080 | D:4      | Found a shadowy altar of Dithmenos.
  6233 | D:4      | Noticed Anon1729's ghost (amateur GnWz)
  6239 | D:4      | Killed Anon1729's ghost
  6313 | D:4      | Found a stormy altar of Qazlal.
  6513 | D:4      | Killed Dowan
  6515 | D:4      | Killed Duvessa
  6515 | D:4      | Reached * piety under Okawaru
  6515 | D:4      | Reached XP level 8. HP: 14/41 MP: 9/18
  6735 | D:4      | Found a burning altar of Makhleb.
  6782 | D:5      | Entered Level 5 of the Dungeon
  6821 | D:5      | Noticed Blork the orc
  6826 | D:5      | Killed Blork the orc
  6840 | D:5      | Reached skill level 1 in Invocations
  7101 | D:5      | Reached skill level 5 in Invocations
  7303 | D:5      | Found Cihum's Distillery.
  7306 | D:5      | Bought 2 potions of lignification for 78 gold pieces
  7306 | D:5      | Bought a potion of might for 52 gold pieces
  7306 | D:5      | Bought a potion of mutation for 104 gold pieces
  7337 | D:5      | Reached ** piety under Okawaru
  7393 | D:5      | Got a crystal hand axe
  7420 | D:5      | Found a radiant altar of Vehumet.
  8030 | D:6      | Found a sparkling altar of Nemelex Xobeh.
  8150 | D:6      | Reached XP level 9. HP: 45/45 MP: 13/19
  9027 | D:6      | Found a hazy altar of Hepliaklqana.
  9500 | D:7      | Reached skill level 5 in Fighting
  9500 | D:7      | Reached skill level 5 in Unarmed Combat
  9509 | D:7      | Reached *** piety under Okawaru
  9738 | D:7      | Reached skill level 5 in Dodging
  9770 | D:7      | Got an ominously black robe
 10018 | D:7      | Identified the +2 robe of Patience {*Slow rPois rC+ Slay+6} (You found it on level 7 of the Dungeon)
 10091 | D:8      | Noticed a two-headed ogre
 10355 | D:8      | Noticed Grum
 10366 | D:7      | Killed Grum
 10377 | D:8      | Reached **** piety under Okawaru
 10377 | D:8      | Reached XP level 10. HP: 44/53 MP: 15/21
 10492 | D:8      | Noticed Joseph
 12013 | D:8      | Killed Joseph
 12292 | D:8      | Killed a two-headed ogre
 12292 | D:8      | Reached ***** piety under Okawaru
 12380 | D:9      | Found a shattered altar of Ashenzari.
 12456 | D:9      | Learned a level 3 spell: Regeneration
 12460 | D:9      | Learned a level 3 spell: Ozocubu's Armour
 12915 | D:9      | Received a gift from Okawaru
 12952 | D:9      | Found a blossoming altar of Fedhas.
 12952 | D:9      | Found a snail-covered altar of Cheibriados.
 12963 | D:9      | Found a hide-covered altar of Uskayaw.
 12963 | D:9      | Found an ancient bone altar of Kikubaaqudgha.
 13153 | D:10     | Entered Level 10 of the Dungeon
 13153 | D:10     | Noticed Urug
 13166 | D:10     | Killed Urug
 13166 | D:10     | Reached XP level 11. HP: 18/58 MP: 17/24
 13354 | D:10     | Noticed Erica
 13365 | D:10     | Killed Erica
 13739 | D:10     | Found a staircase to the Lair.
 14110 | D:10     | Demolished by a swamp worm

Vault maps used:
D:1:      mrwooster_arrival_statue, st_stairs_7, minmay_misc_feat_doors
D:2:      uniq_sigmund, uniq_robin, uniq_natasha
D:3:      st_stairs_5, uniq_ijyb, uniq_jessica
D:4:      lemuel_round_altar, old_standard_altar,
          nicolae_overflow_crystal_walls, kennysheep_mini_moat,
          lemuel_coloured_pillars_altar, temple_fountains, first_ration,
          uniq_duvessa
D:5:      kennysheep_steamy, vehumet_altar_wand_db, serial_shops,
          kennysheep_mini, minivault_25, uniq_blork_the_orc
D:6:      grunt_temple_overflow_open
D:7:      minmay_cornered_nines
D:8:      uniq_grum, uniq_joseph
D:9:      ashenzari_conservatory_becter, nicolae_overflow_quartered_altars,
          hangedman_pestilent_swarm
D:10:     lair_entry_dummy, hiddenorc1_lemuel, worms_lemuel, uniq_erica,
          uniq_urug
Temple:   jpeg_temple_island

Skill      XL: |  1  2  3  4  5  6  7  8  9 10 11 |
---------------+----------------------------------+-----
Transmutations | 3 4 5 6 7 8 |  8.0
Spellcasting   | 3 4 5 6 7 8 |  8.0
Fighting       | 1 3 4 5 7 |  7.6
Unarmed Combat | 3 4 5 7 |  7.5
Invocations    | 6 7 8 |  8.0
Dodging        | 5 7 8 |  8.0

Action                   |  1- 3 |  4- 6 |  7- 9 | 10-12 || total
-------------------------+-------+-------+-------+-------++-------
Melee: Unarmed           |   130 |   161 |   363 |   253 ||   907
       Kick              |     8 |    10 |     3 |       ||    21
       Headbutt          |     8 |    17 |     3 |       ||    28
       Punch             |     2 |       |     5 |    10 ||    17
 Cast: Beastly Appendage |    25 |    24 |     9 |     3 ||    61
       Sticks to Snakes  |    12 |    17 |     5 |     4 ||    38
       Blade Hands       |       |     7 |    35 |    14 ||    56
       Conjure Flame     |       |       |       |     2 ||     2
Invok: Heroism           |       |       |     2 |     5 ||     7
Evoke: Wand              |       |       |       |     1 ||     1
  Use: Scroll            |       |     9 |     9 |     2 ||    20
       Potion            |       |       |     1 |     5 ||     6
 Stab: Sleeping          |     3 |     2 |     6 |     7 ||    18
       Distracted        |       |       |     1 |       ||     1
  Eat: Ration            |       |     5 |     8 |     5 ||    18
Armor: Robe              |     8 |       |     1 |    18 ||    27
       Animal skin       |     1 |    20 |    37 |       ||    58
       Skin              |       |       |       |     7 ||     7
Dodge: Dodged            |   131 |   139 |   247 |   230 ||   747

Table legend:
 A = Spawn XP
 B = Non-spawn XP
 C = Spawn XP percentage of total XP
 D = Spawn monster count
 E = Non-spawn monster count
 F = Spawn count percentage of total count
 G = Total turns spent on level
                    A         B        C        D         E        F      G
               +---------+---------+-------+---------+---------+-------+---------
         Total |       0 |   13764 |   0.0 |       0 |     308 |   0.0 | 14110
               +---------+---------+-------+---------+---------+-------+---------
           D:1 |       0 |      95 |   0.0 |       0 |      35 |   0.0 |  2548
           D:2 |       0 |     363 |   0.0 |       0 |      33 |   0.0 |  1926
           D:3 |       0 |     386 |   0.0 |       0 |      45 |   0.0 |  1154
           D:4 |       0 |     636 |   0.0 |       0 |      18 |   0.0 |  1120
           D:5 |       0 |    1220 |   0.0 |       0 |      34 |   0.0 |  1154
           D:6 |       0 |     951 |   0.0 |       0 |      26 |   0.0 |  1149
           D:7 |       0 |    1598 |   0.0 |       0 |      23 |   0.0 |  1946
           D:8 |       0 |    3175 |   0.0 |       0 |      38 |   0.0 |  1137
           D:9 |       0 |    1780 |   0.0 |       0 |      24 |   0.0 |  1194
          D:10 |       0 |    3560 |   0.0 |       0 |      32 |   0.0 |   748
               +---------+---------+-------+---------+---------+-------+---------
